 Dungeon Crawl Stone Soup version 0.30-a0-965-g42e074c17a (webtiles) character file.

Game seed: 1671346655448737200

89282 Demosthentine the Fighter (level 15, -2/114 HPs)
             Began as a Demonspawn Gladiator on Mar 31, 2023.
             Was the Champion of Hepliaklqana.
             Killed by divine providence
             ... invoked by an orc priest
             ... led by an orc knight
              (9 damage)
             ... on level 2 of the Orcish Mines.
             The game lasted 00:29:41 (26635 turns).

Demosthentine the Fighter (Demonspawn Gladiator)   Turns: 26635, Time: 00:29:41

Health: -2/114     AC: 18    Str: 17    XL:     15   Next: 48%
Magic:  25/25      EV: 20    Int: 10    God:    Hepliaklqana [******]
Gold:   4489       SH: 11    Dex: 19    Spells: 14/14 levels left

rFire   + . .      SeeInvis +    a - +1 trident (venom)
rCold   . . .      Faith    .    g - +0 buckler
rNeg    . . .      Spirit   .    P - +1 leather armour {rF+}
rPois   +          Reflect  +    w - +1 helmet
rElec   .          Rampage  .    v - +0 cloak
rCorr   .                        F - +0 pair of gloves
Will    +....                    (boots unavailable)
Stlth   +                        y - amulet of reflection
HPRegen 0.39/turn                d - ring of poison resistance
MPRegen 0.38/turn                k - ring of see invisible

@: sanguine armoured
A: reduced essence, hooves 3, spiny 2, magic regeneration, sanguine armour 2
a: Renounce Religion, Recall Ancestor, Ancestor Identity, Transference, Idealise


You were on level 2 of the Orcish Mines.
You worshipped Hepliaklqana.
Hepliaklqana was exalted by your worship.
You visited 4 branches of the dungeon, and saw 23 of its levels.
You also visited: Bailey.

You collected 4489 gold pieces.

Inventory:

Hand Weapons
 a - a +1 trident of venom (weapon)
Missiles
 e - 9 javelins
 I - a throwing net (quivered)
Armour
 g - a +0 buckler (worn)
 q - +1 steam dragon scales
 v - a +0 cloak (worn)
 w - a +1 helmet (worn)
 F - a +0 pair of gloves (worn)
 P - a +1 leather armour of fire resistance (worn)
Jewellery
 d - a ring of poison resistance (left hand)
 k - a ring of see invisible (right hand)
 m - a ring of flight
 x - a ring of protection from fire
 y - an amulet of reflection (around neck)
Wands
 s - a wand of mindburst (9)
 t - a wand of flame (86)
 A - a wand of roots (10)
 K - a wand of digging (7)
 O - a wand of paralysis (6)
Scrolls
 b - 5 scrolls of teleportation
 c - 11 scrolls of identify
 u - 5 scrolls of blinking
 G - 5 scrolls of fear
 H - a scroll of magic mapping
Potions
 i - 10 potions of curing
 l - 4 potions of mutation
 p - 3 potions of flight
 z - 2 potions of heal wounds
 B - a potion of cancellation
 C - 4 potions of lignification
 D - 2 potions of resistance
 E - 3 potions of invisibility
 J - 2 potions of haste
 L - 2 potions of might


   Skills:
 + Level 14.3 Fighting
 + Level 13.3 Polearms
 - Level 1.7 Throwing
 - Level 6.0 Armour
 + Level 13.4 Dodging
 - Level 5.9 Shields
 + Level 13.8 Invocations


You had 14 spell levels left.
You didn't know any spells.
Your spell library contained the following spells:

 Spells                   Type           Power      Damage    Failure   Level
 Apportation              Tloc           0%         N/A       50%         1
 Beastly Appendage        Tmut           0%         N/A       50%         1
 Freeze                   Ice            0%         1d3       50%         1
 Necrotise                Necr           0%         1d4       50%         1
 Sandblast                Erth           0%         2d4       50%         1
 Summon Small Mammal      Summ           0%         N/A       50%         1
 Ensorcelled Hibernation  Hex/Ice        0%         N/A       65%         2
 Passwall                 Tmut/Erth      0%         N/A       65%         2
 Wereblood                Tmut           0%         N/A       65%         2
 Dazzling Flash           Conj/Hex       0%         N/A       86%         3
 Frozen Ramparts          Ice            0%         1d1       86%         3
 Hailstorm                Conj/Ice       0%         3d3       86%         3
 Inner Flame              Hex/Fire       0%         N/A       86%         3
 Spider Form              Tmut/Pois      0%         N/A       86%         3
 Stone Arrow              Conj/Erth      0%         3d7       86%         3
 Anguish                  Hex/Necr       0%         N/A       99%         4
 Animate Armour           Summ/Erth      0%         N/A       99%         4
 Flame Wave               Conj/Fire      0%         2d4       99%         4
 Iskenderun's Mystic Bla  Conj/Tloc      0%         2d3       99%         4
 Leda's Liquefaction      Hex/Erth       0%         N/A       99%         4
 Sticky Flame             Conj/Fire      0%         2d3       99%         4
 Lee's Rapid Deconstruct  Erth           0%         3d4*      100%        5
 Starburst                Conj/Fire      0%         6d3       100%        6
 Statue Form              Tmut/Erth      0%         N/A       100%        6
 Lehudib's Crystal Spear  Conj/Erth      0%         10d2      100%        8


Dungeon Overview and Level Annotations

Branches:
Dungeon (15/15)            Temple (1/1) D:4            Lair (5/5) D:11
 Shoals (0/4) Lair:3        Snake (0/4) Lair:2        Slime (0/5) Lair:4
    Orc (2/2) D:11            Elf (0/3) Orc:2        Vaults (0/5) D:13
 Depths (0/4) D:15         Bailey (visited)

Altars:
Ashenzari
Cheibriados
Dithmenos
Fedhas
Gozag
Hepliaklqana
Kikubaaqudgha
Makhleb
Nemelex Xobeh
Okawaru
Qazlal
Ru
Sif Muna
Trog
Uskayaw
Vehumet
Wu Jian
Xom
Yredelemnul
Jiyva

Annotations:
D:8 2 transporters
D:14 1 runed translucent door
Temple 4 transporters


Innate Abilities, Weirdness & Mutations

Your life essence is reduced to manifest your ancestor. (-10% HP)
You have hooves in place of feet.
You are mostly covered in sharp spines.
You regenerate magic rapidly.
When seriously injured, your blood forms thick armour. (AC +9)


Message History

The orc priest hits Esmond with a +0 flail.
You block the orc warrior's attack.
The orc knight hits you with a +0 dire flail.
The orc wizard hits Esmond with a +0 dagger.
You hit the orc knight but do no damage.
The orc knight looks as sick as possible!
The orc knight is almost dead.
Esmond hits the orc priest with a +0 dagger of draining.
Esmond drains the orc priest.
Unknown command.
You hit the orc knight but do no damage.
The orc knight looks as sick as possible!
Your kick misses the orc knight.
The orc knight is almost dead.
The troll bites you!
* * * LOW HITPOINT WARNING * * *
The troll claws you but does no damage. You block the troll's attack.
The orc priest hits Esmond with a +0 flail!
Esmond is destroyed!
The orc is struck by your spines. The orc closely misses you.
You block the orc warrior's attack.
The orc knight hits you with a +0 dire flail!
* * * LOW HITPOINT WARNING * * *
The orc wizard casts a spell at you.
The magic dart hits you but does no damage.
You hit the orc knight but do no damage.
The orc knight looks as sick as possible!
You kick the orc knight.
The orc knight is almost dead.
The ogre is struck by your spines. The ogre misses you.
Unknown command.
You closely miss the orc knight.
The orc knight is almost dead.
You kill the orc knight!
The troll bites you but does no damage. The troll claws you!
* * * LOW HITPOINT WARNING * * *
The troll barely misses you.
The orc priest invokes the aid of Beogh against you.
Beogh smites you!
You die...

*,,,,,,,,,,,,,,***~
*.........,,,,,**~~
*..........,,,,**~~
*#.........,,,,**~~
##.........,,,,**~~
#..........,*,,**~~
*..........,,,,***~
##To.....$.,,,,***~
#)@oo......,,,,,**~
#..O[.$....,,,,,**~
#ooOo......,,,,,,**
##oo.......,,,,,,**
*..........,,,,,**~
#..........,,,,,**~
#..........,,,,,**~
##.......o.,,,,,***
*..........,,,,,***


You could see a troll, 3 orc warriors, 2 ogres, an orc priest (strong, very
drained), an orc wizard (strong) and 4 orcs.

Vanquished Creatures
  Kirke (Lair:3)
  An orc warlord (Bailey)
  Nessos (D:15)
  2 ettins
  A catoblepas (Lair:5)
  6 hydras
  A merfolk avatar (Lair:5)
  5 centaur warriors
  5 boulder beetles
  3 two-headed ogres
  3 tengu warriors
  4 death yaks (Lair:5)
  Nergalle (Lair:3)
  A skyshark (Lair:3)
  A fire crab (shapeshifter) (D:14)
  A wizard (D:15)
  3 orc knights
  A necromancer (D:15)
  17 ugly things
  5 manticores
  5 cyclopes
  9 elephants
  5 black mambas
  3 centaur skeletons (D:13)
  2 gargoyles
  13 cane toads
  8 komodo dragons
  4 yaktaurs
  7 rime drakes
  2 unseen horrors
  2 kobold demonologists
  8 polar bears
  A freezing wraith (D:11)
  A meliai (shapeshifter) (D:13)
  13 blink frogs
  A hornet (Lair:5)
  A troll (D:11)
  Grinder (D:5)
  3 snapping turtles
  3 slime creatures (D:14)
  Sigmund (D:5)
  A shadow (D:11)
  12 wyverns
  6 wraiths
  A vampire (D:12)
  22 yaks
  3 basilisks
  5 hogs (Lair:3)
  2 steam dragons
  3 vampire mosquitoes (D:14)
  2 acid dragons
  A naga (Lair:2)
  12 water moccasins
  7 orc warriors
  A sky beast (D:6)
  5 black bears
  An ice beast (D:6)
  5 boggarts (D:15)
  3 ogres
  13 wolves
  8 centaurs
  3 phantoms
  4 kobold brigands
  11 bullfrogs
  6 scorpions
  15 wights
  13 killer bees
  An electric eel (Lair:4)
  2 howler monkeys
  A hexer (D:12)
  A lava snake (D:14)
  4 jellies
  Crazy Yiuf (D:3)
  3 orc priests
  A gnoll bouda (D:5)
  7 hounds
  Jessica (D:3)
  An iguana (D:4)
  3 sleepcaps
  5 orc wizards
  Natasha (thrice) (D:4)
  Terence (D:2)
  Robin (D:4)
  10 adders
  20 gnolls
  2 white imps
  2 ufetubi
  2 worms
  5 dart slugs
  30 orcs
  4 ball pythons
  6 bats
  6 endoplasms
  A giant cockroach (D:2)
  13 goblins
  14 hobgoblins
  2 jackals (D:1)
  4 quokkas
  2 frilled lizards
  27 kobolds
  6 rats
513 creatures vanquished.

Vanquished Creatures (collateral kills)
  A catoblepas (D:14)
  3 centaur warriors
  A boulder beetle (Lair:4)
  2 two-headed ogres
  A tengu warrior (D:15)
  Sonja (Lair:4)
  A sea snake (Lair:5)
  A skeletal warrior (D:13)
  A deep troll (D:15)
  A wizard (D:15)
  2 deep elf pyromancers (D:15)
  2 cyclopes
  An ugly thing (D:15)
  4 elephants
  A centaur skeleton (D:13)
  2 torpor snails (Lair:5)
  A cane toad (Lair:4)
  A yaktaur (D:13)
  An efreet (D:15)
  A troll (D:11)
  2 blink frogs (Lair:5)
  2 slime creatures (D:14)
  2 yaks (Lair:5)
  A wraith (D:10)
  A wyvern (Lair:5)
  A basilisk (Lair:2)
  A steam dragon (D:9)
  3 vampire mosquitoes
  A naga (Lair:2)
  2 acid dragons
  4 water moccasins
  A black bear (Lair:1)
  2 orc warriors
  2 wolves
  2 centaurs
  2 kobold brigands
  A gnoll sergeant (D:7)
  2 wights
  An orc priest (D:9)
  A jelly (D:5)
  An iguana (D:6)
  4 orc wizards
  2 gnolls (D:7)
  An adder (D:6)
  8 orcs
  2 hobgoblins
  7 kobolds
  A goblin (Bailey)
89 creatures vanquished.

Vanquished Creatures (others)
  A kobold brigand (D:13)
  22 hexers
  2 ancestors
  38 fungi
  45 plants
108 creatures vanquished.

Grand Total: 710 creatures vanquished

Notes
Turn   | Place    | Note
-------+----------+-------------------------------------------
     0 | D:1      | Demosthentine the Demonspawn Gladiator began the quest for
                  | the Orb.
     0 | D:1      | Reached XP level 1. HP: 16/16 MP: 1/1
    74 | D:1      | Found a faded altar of an unknown god.
   206 | D:1      | Gained mutation: You have large cloven feet. [demonic
                  | ancestry]
   206 | D:1      | Reached XP level 2. HP: 19/22 MP: 2/2
   831 | D:1      | Reached skill level 1 in Armour
   882 | D:1      | Identified a scroll of acquirement
   882 | D:1      | Acquired 843 gold pieces
   942 | D:2      | Gained mutation: You have hoof-like feet. [demonic
                  | ancestry]
   942 | D:2      | Reached XP level 3. HP: 28/28 MP: 3/3
  1045 | D:2      | Gained mutation: When seriously injured, your blood forms
                  | armour. (AC +9) [demonic ancestry]
  1045 | D:2      | Reached XP level 4. HP: 12/34 MP: 4/4
  1345 | D:2      | Noticed Terence
  1398 | D:2      | Killed Terence
  1399 | D:2      | Reached skill level 3 in Fighting
  1648 | D:2      | Gained mutation: When seriously injured, your blood forms
                  | thick armour. (AC +9) [demonic ancestry]
  1648 | D:2      | Reached XP level 5. HP: 41/41 MP: 5/5
  1830 | D:3      | Noticed Jessica
  1837 | D:3      | Killed Jessica
  2110 | D:3      | Found an iron altar of Okawaru.
  2148 | D:3      | Found a sparkling altar of Nemelex Xobeh.
  2378 | D:3      | Found a runed translucent door.
  2379 | D:3      | Noticed Crazy Yiuf
  2502 | D:3      | Found a basalt altar of Yredelemnul.
  2502 | D:3      | Found a broken altar of Ashenzari.
  2803 | D:3      | Killed Crazy Yiuf
  2805 | D:3      | HP: 2/41 [poisoned by Crazy Yiuf]
  2901 | D:3      | Acquired 1086 gold pieces
  2915 | D:4      | Gained mutation: You are partially covered in sharp spines.
                  | [demonic ancestry]
  2915 | D:4      | Reached XP level 6. HP: 25/47 MP: 6/6
  3149 | D:4      | Noticed Robin
  3163 | D:4      | Killed Robin
  3197 | D:4      | Found a staircase to the Ecumenical Temple.
  3237 | Temple   | Entered the Ecumenical Temple
  3237 | Temple   | Found a transporter.
  3237 | Temple   | Found a transporter.
  3239 | Temple   | Found a transporter.
  3239 | Temple   | Found a transporter.
  3255 | Temple   | Became a worshipper of Hepliaklqana the Forgotten
  3325 | D:4      | Noticed Natasha
  3365 | D:4      | Killed Natasha
  3514 | D:4      | Reached skill level 4 in Fighting
  3514 | D:4      | Gained mutation: You regenerate magic rapidly. [demonic
                  | ancestry]
  3514 | D:4      | Reached XP level 7. HP: 53/54 MP: 7/7
  3551 | D:4      | Found a burning altar of Makhleb.
  3866 | D:4      | Noticed Natasha
  3872 | D:4      | Killed Natasha
  4027 | D:4      | Noticed Natasha
  4038 | D:4      | Killed Natasha
  4063 | D:5      | Entered Level 5 of the Dungeon
  4353 | D:5      | Reached skill level 5 in Dodging
  4468 | D:5      | Reached skill level 5 in Polearms
  4487 | D:5      | Reached XP level 8. HP: 56/61 MP: 8/8
  4588 | D:5      | Reached skill level 5 in Fighting
  4648 | D:5      | Noticed Sigmund
  4662 | D:5      | Killed Sigmund
  4778 | D:5      | Reached * piety under Hepliaklqana
  4857 | D:5      | Noticed Grinder
  4859 | D:5      | Paralysed by Grinder for 3 turns
  4868 | D:5      | Killed Grinder
  5035 | D:5      | Found an opulent altar of Gozag.
  5056 | D:5      | Reached skill level 5 in Armour
  5066 | D:5      | Reached skill level 6 in Fighting
  5515 | D:6      | Reached XP level 9. HP: 41/62 MP: 9/9
  6420 | D:7      | Reached ** piety under Hepliaklqana
  6421 | D:7      | Remembered your ancestor Esmond as a hexer
  6435 | D:7      | Reached skill level 7 in Fighting
  6448 | D:7      | Reached skill level 1 in Invocations
  7462 | D:7      | Reached XP level 10. HP: 24/67 MP: 12/12
  8041 | D:8      | Reached *** piety under Hepliaklqana
  8240 | D:8      | Found a transporter.
  8241 | D:8      | Found a transporter.
  8241 | D:8      | Noticed a boulder beetle
  8273 | D:8      | Reached skill level 8 in Fighting
  8630 | D:9      | Reached skill level 5 in Invocations
  8749 | D:9      | Found a flagged portal.
  8758 | Bailey   | Entered a bailey
  8763 | Bailey   | Noticed an orc warlord
  8831 | Bailey   | Found a runed translucent gate.
  8831 | Bailey   | Found a runed translucent gate.
  8857 | Bailey   | Found a runed translucent gate.
  8860 | Bailey   | Noticed an orc knight
  8872 | Bailey   | Killed an orc knight
  9182 | Bailey   | HP: 3/73 [orc warlord/+6 battleaxe (12)]
  9214 | Bailey   | Killed an orc warlord
  9461 | Bailey   | Identified the +5 morningstar of Totrua {heavy, Fly rPois
                  | rC-}
  9462 | Bailey   | Acquired 841 gold pieces
  9485 | D:9      | Noticed a two-headed ogre
  9492 | D:9      | Killed a two-headed ogre
  9493 | D:9      | Reached XP level 11. HP: 72/78 MP: 14/16
  9559 | D:9      | Noticed a two-headed ogre
  9566 | D:9      | Killed a two-headed ogre
  9603 | D:9      | Reached skill level 9 in Fighting
  9752 | D:9      | Reached **** piety under Hepliaklqana
 10289 | D:10     | Entered Level 10 of the Dungeon
 10739 | D:10     | Noticed a two-headed ogre
 10748 | D:10     | Killed a two-headed ogre
 11280 | D:11     | Found a staircase to the Lair.
 11297 | D:11     | Identified the +0 whip of Transparent Guile {venom, Str+3
                  | Int+3 Stlth+}
 11357 | D:11     | Noticed a two-headed ogre
 11456 | D:11     | Killed a two-headed ogre
 11517 | D:11     | Reached skill level 10 in Fighting
 11631 | D:11     | Identified the +4 robe "Edwaun" {rCorr Dex-4 Archmagi}
 11770 | D:11     | Noticed a boulder beetle
 11780 | D:11     | Killed a boulder beetle
 11781 | D:11     | Gained mutation: You have hooves in place of feet. [demonic
                  | ancestry]
 11781 | D:11     | Reached XP level 12. HP: 70/87 MP: 17/19
 11995 | D:11     | Found a staircase to the Orcish Mines.
 12101 | D:12     | Reached ***** piety under Hepliaklqana
 12604 | D:12     | Reached skill level 10 in Invocations
 12694 | D:12     | Noticed an ettin
 12701 | D:12     | Killed an ettin
 12849 | D:13     | Noticed a centaur warrior
 12859 | D:13     | Killed a centaur warrior
 12860 | D:13     | Reached skill level 10 in Polearms
 12860 | D:13     | Reached skill level 10 in Dodging
 13069 | D:13     | Noticed a boulder beetle
 13084 | D:13     | Found an ornate altar of the Wu Jian Council.
 13091 | D:13     | Killed a boulder beetle
 13576 | D:13     | Noticed a centaur warrior
 13597 | D:13     | Killed a centaur warrior
 13749 | D:13     | Reached skill level 11 in Fighting
 14047 | D:13     | Noticed a boulder beetle
 14064 | D:13     | Killed a boulder beetle
 14274 | D:13     | Found a gate to the Vaults.
 14466 | D:13     | Noticed a centaur warrior
 14474 | D:13     | Killed a centaur warrior
 14884 | D:14     | Noticed a catoblepas
 14903 | D:14     | Reached XP level 13. HP: 95/95 MP: 21/21
 15393 | D:14     | Noticed a tengu reaver
 15394 | D:14     | Found a runed translucent door.
 15396 | D:14     | Noticed a frost giant
 15396 | D:14     | Noticed a sphinx
 15396 | D:14     | Noticed a war gargoyle
 15396 | D:14     | Noticed a tengu reaver
 16788 | D:15     | Entered Level 15 of the Dungeon
 16826 | D:15     | Reached skill level 12 in Fighting
 17159 | D:15     | Noticed an ettin
 17174 | D:15     | Killed an ettin
 17469 | D:15     | Found a staircase to the Depths.
 17528 | D:15     | Found an iron altar of Okawaru.
 17576 | D:15     | Noticed Nessos
 17590 | D:15     | Killed Nessos
 18185 | D:15     | Gained mutation: You are mostly covered in sharp spines.
                  | [demonic ancestry]
 18185 | D:15     | Reached XP level 14. HP: 66/104 MP: 24/24
 19043 | Lair:1   | Entered Level 1 of the Lair of Beasts
 19218 | Lair:1   | Reached skill level 1 in Shields
 19422 | Lair:1   | Reached skill level 13 in Fighting
 20234 | Lair:2   | Reached ****** piety under Hepliaklqana
 20638 | Lair:2   | Identified the +1 robe "Nosha" {Regen+}
 20820 | Lair:2   | Found a staircase to the Snake Pit.
 21320 | Lair:3   | Noticed Kirke
 21341 | Lair:3   | Killed Kirke
 22083 | Lair:3   | Noticed Nergalle
 22094 | Lair:3   | Killed Nergalle
 22529 | Lair:3   | Found a staircase to the Shoals.
 22701 | Lair:4   | Noticed Sonja
 22713 | Lair:4   | Killed Sonja
 23578 | Lair:4   | Reached XP level 15. HP: 39/112 MP: 25/25
 24237 | Lair:4   | Found a viscous altar of Jiyva.
 24237 | Lair:4   | Found a staircase to the Slime Pits.
 24327 | Lair:5   | Entered Level 5 of the Lair of Beasts
 24567 | Lair:5   | Reached skill level 5 in Shields
 24837 | Lair:5   | Reached skill level 14 in Fighting
 25432 | Lair:5   | Identified the +8 rapier of World Downfall {freeze, rF+ rC+
                  | Will+ Str-5 Dex+2}
 25433 | Lair:5   | Identified the +3 morningstar of Anguish {antimagic, rN+}
 26206 | Orc:1    | Entered Level 1 of the Orcish Mines
 26434 | Orc:2    | Entered Level 2 of the Orcish Mines
 26635 | Orc:2    | Killed from afar by an orc priest

Illustrated notes

Levels and vault maps discovered:
D:1:      tarquinn_simple_flora_water_d, layout_basic,
          hellmonk_ecumenical_altar_lost_god
D:2:      layout_loops_ring, uniq_terence
D:3:      layout_loops_ring, mainiacjoe_overflow_catwalk_spiral,
          gammafunk_temple_overflow_elements, uniq_jessica,
          uniq_crazy_yiuf_cottage
D:4:      layout_loops_ring, makhleb_blood_cavern_becter, temple_fountains,
          chequers_serial_rivers_micro_d, nrook_mini_vaults, minivault_1,
          uniq_robin, uniq_natasha
D:5:      layout_loops_corners, serial_aquarium, aquarium_bridge_long_separate
          [aquarium_subvault_bridge, aquarium_subvault_wall,
          aquarium_subvault_balcony, aquarium_subvault_bridge,
          aquarium_subvault_window, aquarium_subvault_balcony],
          aquarium_window_fake, aquarium_window_corner, aquarium_window_fake,
          aquarium_view_2d, aquarium_view_2e, aquarium_balcony_3a,
          minmay_ruined_shrine, uniq_sigmund, uniq_grinder
D:6:      layout_cave_pools, st_stairs_6
D:7:      layout_basic, mainiacjoe_overflow_tiny_flanked
D:8:      gammafunk_boulding_lane, layout_basic,
          hangedman_abyss_or_decor_clamps, hex_medium, glass_columns_b
D:9:      layout_gridville, enter_bailey_4
D:10:     layout_gridville, nicolae_tso_carved_into_rock
D:11:     layout_roguey, minmay_lair_entry_grove, orc_0_dummy,
          minmay_mirror_moons_of_madness
D:12:     layout_roguey, kennysheep_just_a_vault
D:13:     layout_basic, hangedman_vaults_entry_quadrant_bands,
          nicolae_wu_jian_wuxing_cycle
D:14:     minmay_gate_of_8, layout_cave_pods, kennysheep_cross_room,
          st_stairs_6, minmay_increasing_density
D:15:     hangedman_depths_entry_civil_slaughter, layout_long_grid,
          kennysheep_okawaru_gauntlet, uniq_nessos
Temple:   hellmonk_temple_divided_pantheon
Lair:1:   beast_lair_carwin_large_1, layout_cave_pods
Lair:2:   layout_regular_city, guppyfry_snake_entry_garden
Lair:3:   layout_roguey, minmay_shoals_entry_hut, grunt_megastairs_5,
          uniq_kirke, uniq_nergalle
Lair:4:   layout_regular_city, dpeg_slime_entry_enclosed,
          minmay_shattered_shrine, infiniplex_staircase_pool, uniq_sonja
Lair:5:   gammafunk_lair_ancient_temple, layout_regular_city
Orc:1:    layout_caves
Orc:2:    kennysheep_orc_mage_school, layout_caves,
          nicolae_volcano_entry_s_turn, basic_altar, mines_bat_river

Skill      XL: |  1  2  3  4  5  6  7  8  9 10 11 12 13 14 15 |
---------------+----------------------------------------------+-----
Dodging        | 3 4 5 6 7 8 9 10 11 12 13 | 13.4
Polearms       | 3 4 5 6 7 8 9 10 11 12 13 | 13.3
Armour         | 1 2 3 4 5 6 |  6.0
Fighting       | 3 4 6 7 8 10 11 12 13 14 | 14.3
Invocations    | 3 6 9 11 13 | 13.8
Shields        | 4 5 |  5.9
Throwing       | |  1.7

Action                     |  1- 3 |  4- 6 |  7- 9 | 10-12 | 13-15 || total
---------------------------+-------+-------+-------+-------+-------++-------
  Melee: Trident           |    98 |   205 |   346 |   702 |  1198 ||  2549
         Kick              |    11 |    46 |    90 |   221 |   473 ||   841
         Punch             |     1 |     2 |     3 |     4 |    16 ||    26
  Throw: Throwing net      |     3 |     2 |       |     2 |     1 ||     8
 Invoke: Ancestor Life: He |       |       |     1 |       |       ||     1
  Evoke: Wand              |       |       |       |       |     1 ||     1
    Use: Scroll            |     3 |     9 |    13 |     7 |     5 ||    37
         Potion            |       |     2 |       |     2 |     8 ||    12
   Stab: Sleeping          |     4 |     3 |     5 |     5 |     3 ||    20
         Held in net/web   |     1 |       |       |     1 |       ||     2
         Distracted        |       |       |     4 |    12 |    19 ||    35
         Confused          |       |       |     2 |    18 |    25 ||    45
         Paralysed         |       |       |       |       |    27 ||    27
 Armour: Leather armour    |    23 |    36 |    24 |       |    96 ||   179
         Steam dragon scal |       |       |    19 |    81 |    88 ||   188
  Dodge: Dodged            |    44 |   109 |   188 |   411 |   590 ||  1342
  Block: Other             |       |       |     3 |   103 |   165 ||   271
         Reflection        |       |       |       |    14 |     8 ||    22
         Buckler           |       |       |       |       |    33 ||    33

Table legend: (Time is in decaauts)
 A = Elapsed time spent in this place.
 B = Non-inter-level travel time spent in this place.
 C = Inter-level travel time spent in this place.
 D = Time resting spent in this place.
 E = Time spent auto-exploring this place.
 F = Levels seen in this place.
 G = Mean time per level.
                   A        B        C        D        E       F      G
               +--------+--------+--------+--------+--------+-----+--------+
         Total |  26297 |  25374 |    923 |   1165 |  20046 |  24 | 1095.7 |
       Dungeon |  18222 |  17476 |    746 |    801 |  13774 |  15 | 1214.8 |
        Temple |     36 |     36 |      0 |      0 |      6 |   1 |   36.0 |
          Lair |   6930 |   6776 |    154 |    203 |   5587 |   5 | 1386.0 |
  Orcish Mines |    413 |    392 |     21 |    161 |    182 |   2 |  206.5 |
        Bailey |    694 |    694 |      0 |      0 |    496 |   1 |  694.0 |
               +--------+--------+--------+--------+--------+-----+--------+

Top non-repeatable levels by time:
    D:15: 2074 daAuts
    D:13: 1998 daAuts
    D:14: 1902 daAuts
  Lair:5: 1693 daAuts
  Lair:4: 1619 daAuts
     D:5: 1451 daAuts
  Lair:3: 1383 daAuts
     D:7: 1333 daAuts
  Lair:1: 1202 daAuts
     D:4: 1132 daAuts
     D:3: 1113 daAuts
    D:11: 1098 daAuts
  Lair:2: 1032 daAuts
     D:9: 961 daAuts
     D:1: 947 daAuts
